 Dungeon Crawl Stone Soup version 0.18-a0-1683-gf9322e6 (webtiles) character file.

514 Woebin the Firebug (level 7, -14/53 HPs)
             Began as a Hill Orc Fire Elementalist on Apr 3, 2016.
             Demolished by an ogre
             ... wielding a cursed -2 giant club
              (26 damage)
             ... on level 4 of the Dungeon.
             The game lasted 00:26:53 (5361 turns).

Woebin the Firebug (Hill Orc Fire Elementalist)     Turns: 5361, Time: 00:26:54

Health: -14/53     AC:  3    Str: 11    XL:     7   Next: 20%
Magic:  9/11       EV: 12    Int: 17    God:
Gold:   140        SH:  0    Dex: 11    Spells: 3 memorised, 5 levels left

rFire  . . .     SeeInvis .     a - +4 dagger (drain)
rCold  . . .     Gourm    .     k - +0 robe
rNeg   . . .     Faith    .     (no shield)
rPois  .         Spirit   .     (no helmet)
rElec  .         Dismiss  .     (no cloak)
rCorr  .         Reflect  .     l - +0 pair of gloves
SustAt .         Harm     .     (no boots)
MR     .....                    m - amulet of rage
Stlth  +.........               (no ring)
                                (no ring)

@: confused, very slightly contaminated, not resistant to hostile enchantments,
very unstealthy
A: no striking features
a: Evoke Berserk Rage


You were on level 4 of the Dungeon.
You were near starving.

You visited 1 branch of the dungeon, and saw 4 of its levels.

You collected 140 gold pieces.

Inventory:

Hand Weapons
 a - a +4 dagger of draining (weapon)
Armour
 k - a +0 robe (worn)
 l - a +0 pair of gloves (worn)
Jewellery
 m - an amulet of rage (around neck)
Wands
 o - a wand of teleportation (1/9)
Scrolls
 b - a scroll of teleportation {unknown}
 d - 2 scrolls of fog {unknown}
 e - 3 scrolls of remove curse
 f - a scroll of noise {unknown}
 i - a scroll of random uselessness {unknown}
 p - 7 scrolls of identify {unknown}
 s - 2 scrolls of blinking {unknown}
Potions
 t - 2 potions of curing
 u - a potion of experience {unknown}
Books
 h - a book of Flames

   Spells                             Type                      Level
   a - Flame Tongue                   Conjuration/Fire             1
   b - Throw Flame                    Conjuration/Fire             2
   c - Conjure Flame                  Conjuration/Fire             3
   d - Inner Flame                    Hexes/Fire                   3
   e - Sticky Flame                   Conjuration/Fire             4
   f - Fireball                       Conjuration/Fire             5
Comestibles
 c - a bread ration
 g - 2 fruits
 j - a beef jerky
 q - 2 royal jellies
 r - a meat ration


   Skills:
 + Level 1.9 Fighting
 + Level 0.8 Short Blades
 + Level 2.6 Dodging
 + Level 2.4 Stealth
 + Level 3.1 Spellcasting
 + Level 3.0 Conjurations
 + Level 5.4 Fire Magic


You had 5 spell levels left.
You knew the following spells:

 Your Spells              Type           Power        Failure   Level  Hunger
a - Flame Tongue          Conj/Fire      ###..        2%          1    None
b - Throw Flame           Conj/Fire      ###...       4%          2    ##.....
c - Sticky Flame          Conj/Fire      ###.....     30%         4    ####...


Dungeon Overview and Level Annotations

Branches:
Dungeon (4/15)
 Temple: D:4-7

Altars:
Gozag
Kikubaaqudgha
Ru
Trog


Message History

You hit the sky beast.
You kill the sky beast!
Your Conjurations skill increases to level 3!
You have reached level 7!
The orc hits you.
You barely miss the orc. The orc hits you.
You hit the orc. You drain the orc!
The orc is severely wounded.
The orc hits you.
You hit the orc.
You kill the orc!
You see here a hand axe.
The ogre hits you with a giant club!!
* * * LOW HITPOINT WARNING * * *
There is an open door here.
You are near starving!
Drink which item? (? for menu, Esc to quit)
You are confused.
You feel invigorated. The ogre hits you with a giant club!!
You die...

##..###.#### #...# #..#<.....#
#...# ##..#......# #..(#
....#....>.# #...#
#...#......#### #####...#######
#...#.#.......# #..(..........###
#...#.........# #....#...........
....####......###....#..####'####
...............O@)......#.^#.#^.#
...#####......###....#..####.####
#.......................# #.# #
..>#####......###...).#.# #.# #
#### ######## #.....#.# #^# #
#.....#.####+####
#..<..#....#$#...
#####################.#.##.###..#
.(....................#..........


You could see an ogre.

Vanquished Creatures
  A sky beast (D:4)
  A scorpion (D:4)
  A crimson imp (D:4)
  A hound (D:4)
  2 orc wizards
  An iguana (D:4)
  A hound skeleton (D:4)
  8 adders
  3 gnolls (D:4)
  5 worms
  3 giant geckos
  10 orcs
  A ball python (D:2)
  10 bats
  A giant cockroach (D:1)
  11 goblins
  12 hobgoblins
  5 kobolds
  A quokka (D:1)
  5 giant newts
  A quokka skeleton (D:4)
  6 rats
  A rat zombie (D:2)
91 creatures vanquished.

Notes
Turn   | Place    | Note
--------------------------------------------------------------
     0 | D:1      | Woebin the Hill Orc Fire Elementalist began the quest for the Orb.
     0 | D:1      | Reached XP level 1. HP: 14/14 MP: 3/3
     1 | D:1      | Found a bloodstained altar of Trog.
   270 | D:1      | Reached XP level 2. HP: 20/20 MP: 2/4
   318 | D:1      | Learned a level 2 spell: Throw Flame
   614 | D:1      | Reached skill level 4 in Fire Magic
   889 | D:1      | Reached XP level 3. HP: 26/26 MP: 0/5
  1081 | D:2      | Found a sacrificial altar of Ru.
  1269 | D:2      | HP: 1/26 [quokka (3)]
  1488 | D:2      | Found a faded altar to an unknown god.
  1597 | D:2      | Found an opulent altar of Gozag.
  2309 | D:2      | Reached XP level 4. HP: 4/34 MP: 0/7
  2783 | D:2      | Found an ancient bone altar of Kikubaaqudgha.
  3154 | D:3      | Reached XP level 5. HP: 36/39 MP: 1/8
  3680 | D:3      | Learned a level 4 spell: Sticky Flame
  3924 | D:3      | Reached skill level 1 in Fighting
  4139 | D:4      | Reached skill level 5 in Fire Magic
  4139 | D:4      | Reached XP level 6. HP: 27/47 MP: 3/9
  4769 | D:4      | HP: 2/47 [poisoned by an adder]
  4920 | D:4      | HP: 1/47 [hound (3)]
  5309 | D:4      | Noticed a sky beast
  5331 | D:4      | Killed a sky beast
  5331 | D:4      | Reached XP level 7. HP: 32/53 MP: 0/11
  5361 | D:4      | Demolished by an ogre

Vault maps used:
D:1:      sevenhm_arrival_forest_fort_small_6, minmay_misc_feat_nine_boxes
D:2:      nicolae_gozag_cash_rules_everything_around_me,
          lemuel_zombie_altar_kikubaaqudgha, lemuel_crystal_altar,
          ecumenical_altar_2, minmay_misc_feat_square
D:3:      serial_curves, eino_curves_02, eino_curves_02
D:4:      grunt_tough_drop, uniq_natasha

Skill      XL: |  1  2  3  4  5  6 |
---------------+-------------------+-----
Fire Magic     | 4 5 |  5.4
Stealth        | 2 |  2.4
Spellcasting   | 2 3 |  3.1
Conjurations   | 2 3 |  3.0
Fighting       | 1 |  1.9
Dodging        | 2 |  2.6
Short Blades   | |  0.8

Action                   |  1- 3 |  4- 6 |  7- 9 || total
-------------------------+-------+-------+-------++-------
Melee: Short sword       |    34 |    16 |       ||    50
       Unarmed           |     1 |       |       ||     1
       Dagger            |    12 |    72 |     3 ||    87
 Cast: Flame Tongue      |    63 |    98 |       ||   161
       Throw Flame       |    22 |     2 |       ||    24
       Sticky Flame      |       |     2 |       ||     2
  Use: Potion            |     8 |     1 |     1 ||    10
       Scroll            |     2 |     3 |       ||     5
 Stab: Sleeping          |     4 |     3 |       ||     7
  Eat: Chunk             |     2 |    11 |       ||    13
       Meat ration       |     1 |       |       ||     1
